AoeStats
← bar

African Clearing

504836120Analyzed
4v4 RM · 26d ago on Sep 6, 2026· 52m 43s· 8 players
Game mode
Random Map
Map size
Large (8 player)
Population
200
Speed
Normal
Resources
Standard
Victory
Conquest
Starting age
Dark Age
Ending age
Imperial Age
RankedLock teamsTeams togetherTeam positionsShared explorationLock speedFull tech treeHidden civsTurbo modeCheats
Victory
Defeat
🇹🇷 Huns · Türkiye
877
+14
🇹🇷 Franks · Türkiye
868
+14
🇹🇷 Burgundians · Türkiye
857
+15
🇹🇷 Goths · Türkiye
828
+16
🇹🇷 Huns · Türkiye
852
-17
🇪🇨 Byzantines · Ecuador
823
-14
🇰🇷 Goths · South Korea
821
-14
🇲🇽 Cumans · Mexico
820
-14
YHWH Is My Waifu
14:29 Feudal Age
15:10 Horse Collar
15:16 Double-Bit Axe
25:44 Wheelbarrow
26:36 Forging
26:32 Scale Barding Armor
27:48 Bloodlines
31:31 Castle Age
29:22 Loom
32:07 Capped Ram
33:49 Hand Cart
35:15 Gold Mining
35:39 Bow Saw
35:31 Heavy Plow
36:24 Iron Casting
36:09 Chain Barding Armor
37:09 Steppe Husbandry
40:55 Gold Shaft Mining
45:08 Imperial Age
45:23 Cavalier
46:34 Paladin
CANULAN
4:15 Loom
17:47 Feudal Age
28:16 Castle Age
28:01 Scale Barding Armor
28:07 Forging
28:06 Horse Collar
28:14 Double-Bit Axe
30:26 Bow Saw
31:42 Bloodlines
31:33 Husbandry
38:26 Gold Mining
41:19 Imperial Age
39:53 Marauders
40:47 Heavy Plow
40:58 Caravan
41:52 Elite Tarkan
44:18 Conscription
44:39 Chain Barding Armor
48:15 Cavalier
50:37 Wheelbarrow
49:47 Town Watch
49:27 Pikeman
DolphinMan
18:25 Feudal Age
19:22 Double-Bit Axe
20:47 Horse Collar
21:35 Fletching
23:25 Forging
28:22 Wheelbarrow
28:02 Loom
29:17 Stone Mining
29:18 Gold Mining
29:45 Scale Barding Armor
40:32 Castle Age
40:42 Pikeman
41:54 Heavy Plow
42:08 Bow Saw
42:09 Gambesons
43:05 Iron Casting
42:53 Scale Mail Armor
42:58 Squires
45:31 Chain Mail Armor
rananculus
5:16 Loom
20:36 Feudal Age
21:22 Double-Bit Axe
21:12 Man-at-Arms
24:16 Stone Mining
27:43 Castle Age
27:13 Scale Mail Armor
28:32 Pikeman
31:36 Wheelbarrow
30:47 Town Watch
38:57 Imperial Age
36:25 Long Swordsman
39:26 Anarchy
40:31 Halberdier
42:37 Squires
43:19 Two-Handed Swordsman
46:09 Forging
48:28 Conscription
49:11 Chain Mail Armor
50:18 Horse Collar
52:47 Bow Saw
CHR1453
13:56 Feudal Age
13:26 Double-Bit Axe
25:55 Castle Age
24:39 Stone Mining
25:01 Bow Saw
24:43 Gold Mining
26:19 Stone Shaft Mining
26:11 Horse Collar
27:54 Cavalier
30:45 Man-at-Arms
32:42 Long Swordsman
35:02 Wheelbarrow
36:20 Hand Cart
39:41 Forging
39:32 Scale Mail Armor
39:38 Scale Barding Armor
40:37 Gold Shaft Mining
41:05 Two-Man Saw
40:08 Heavy Plow
41:09 Iron Casting
43:20 Chain Barding Armor
46:07 Chain Mail Armor
46:10 Town Watch
Must_61
4:33 Loom
14:57 Feudal Age
19:02 Castle Age
17:05 Double-Bit Axe
20:23 Town Watch
22:47 Bow Saw
27:03 Stone Mining
27:03 Gold Mining
27:52 Wheelbarrow
34:28 Forging
34:24 Scale Barding Armor
35:53 Iron Casting
35:21 Husbandry
35:59 Hand Cart
39:22 Imperial Age
37:34 Town Patrol
39:24 Chain Barding Armor
40:43 Plate Barding Armor
41:08 Blast Furnace
39:55 Cavalier
41:40 Conscription
41:42 Paladin
43:48 Gold Shaft Mining
45:33 Ballistics
46:13 Chemistry
mstyvz00
4:00 Loom
14:53 Feudal Age
19:22 Man-at-Arms
23:52 Castle Age
22:30 Double-Bit Axe
22:51 Scale Mail Armor
23:01 Forging
23:57 Long Swordsman
27:29 Squires
30:07 Wheelbarrow
30:40 Chain Mail Armor
33:15 Hand Cart
36:26 Pikeman
37:44 Iron Casting
37:20 Town Watch
38:08 Anarchy
40:59 Imperial Age
42:46 Blast Furnace
41:49 Perfusion
42:10 Conscription
42:26 Two-Handed Swordsman
45:12 Halberdier
47:55 Elite Huskarl
49:37 Champion
bar
16:14 Feudal Age
22:35 Town Watch
22:36 Loom
24:00 Man-at-Arms
33:44 Horse Collar
33:57 Double-Bit Axe
34:49 Gold Mining
35:16 Stone Mining
36:26 Bloodlines
37:59 Wheelbarrow
39:05 Scale Barding Armor
39:26 Forging
43:44 Castle Age
45:24 Chain Barding Armor
45:40 Iron Casting
44:29 Light Cavalry
45:10 Husbandry
45:13 Heavy Plow
45:54 Gold Shaft Mining
45:42 Bow Saw
46:00 Hand Cart
45:46 Town Patrol
48:39 Marauders
Connection lost

Rejoining the realm…

Still unreachable

The connection could not be restored.

Session expired

The server has moved on; the page needs a fresh start.